 Dungeon Crawl Stone Soup version 0.19-a0-1895-g783e625 (webtiles) character file.

20 Amnesiac the Ruffian (level 2, -2/24 HPs)
             Began as a Vine Stalker Berserker on Oct 18, 2016.
             Was a Follower of Trog.
             Slain by lorenzova's ghost (4 damage)
             ... on level 3 of the Dungeon.
             The game lasted 00:00:48 (205 turns).

Amnesiac the Ruffian (Vine Stalker Berserker)        Turns: 205, Time: 00:00:48

Health: -2/24      AC:  2    Str: 24    XL:     2   Next: 79%
Magic:  0/3        EV: 12    Int:  7    God:    Trog [*.....]
Gold:   0          SH:  0    Dex: 13    Spells: 0 memorised, 1 level left

rFire  . . .     SeeInvis .       - Unarmed
rCold  . . .     Gourm    .     a - +0 animal skin
rNeg   . . .     Faith    .     (no shield)
rPois  .         Spirit   +     (no helmet)
rElec  .         Reflect  .     (no cloak)
rCorr  .         Harm     .     (no gloves)
MR     .....                    (no boots)
Stlth  ..........               (no amulet)
                                (no ring)
                                (no ring)

@: berserking, very quick
A: fangs 2, magic shield, antimagic bite, no device heal 3, rot immunity
a: Berserk, Burn Spellbooks, Renounce Religion


You were on level 3 of the Dungeon.
You worshipped Trog.
Trog was aware of your devotion.
You were not hungry.

You visited 1 branch of the dungeon, and saw 3 of its levels.

Inventory:

Armour
 a - a +0 animal skin (worn)
Scrolls
 c - a scroll of identify {unknown}
 d - a scroll of teleportation {unknown}
 f - a scroll of random uselessness {unknown}
 h - a scroll of remove curse {unknown}
Potions
 e - a potion of might {unknown}
 g - 2 potions of ambrosia {unknown}
Comestibles
 b - 2 bread rations


   Skills:
 - Level 2.6 Fighting
 - Level 1.5 Armour
 - Level 1.5 Dodging
 + Level 4.0 Unarmed Combat


You had one spell level left.
You didn't know any spells.

Dungeon Overview and Level Annotations

Branches:
Dungeon (3/15)

Altars:

Annotations:
D:3 lorenzova's ghost, amateur MfSk


Innate Abilities, Weirdness & Mutations

You have extremely sharp teeth.
When hurt, damage is shared between your health and your magic reserves.
Your bite disrupts and absorbs the magic of your enemies.
Potions and wands cannot restore your health.
You are immune to rotting.


Message History

You hit lorenzova's ghost but do no damage.
Lorenzova's ghost hits you!
* * * LOW HITPOINT WARNING * * *
You closely miss lorenzova's ghost.
You bite lorenzova's ghost, but do no damage.
You punch lorenzova's ghost! Your bite misses lorenzova's ghost.
Lorenzova's ghost is moderately damaged.
Lorenzova's ghost hits you.
* * * LOW HITPOINT WARNING * * *
You closely miss lorenzova's ghost. Your bite misses lorenzova's ghost.
Lorenzova's ghost is moderately damaged.
Lorenzova's ghost closely misses you.
You hit lorenzova's ghost. You bite lorenzova's ghost. You drain its power.
You feel invigorated.
Lorenzova's ghost is moderately damaged.
You closely miss lorenzova's ghost. You bite lorenzova's ghost.
You drain its power.
Lorenzova's ghost is moderately damaged.
Lorenzova's ghost hits you!
You die...

#########
#######........
#.W@.).#.###########
#.####.#.#..#......#
#.# #.#.#....#..#.#
##W####.#.#..#+#..#.#
#....W....#.........#
#######.#...<.......#
#....#........#
#.............#
#....##.......#


You could see lorenzova's ghost.

Vanquished Creatures
  An adder (D:3)
  An ooze (D:3)
  A goblin (D:1)
  3 hobgoblins
  A bat (D:2)
7 creatures vanquished.

Notes
Turn   | Place    | Note
-------+----------+-------------------------------------------
     0 | D:1      | Amnesiac the Vine Stalker Berserker began the quest for the Orb.
     0 | D:1      | Reached XP level 1. HP: 11/11 MP: 2/2
   146 | D:3      | Reached XP level 2. HP: 14/16 MP: 3/3
   171 | D:3      | Reached skill level 4 in Unarmed Combat
   189 | D:3      | Noticed lorenzova's ghost (amateur MfSk)
   205 | D:3      | Slain by lorenzova's ghost

Vault maps used:
D:1:      dpeg_arrival_stone_temple_mockup, minmay_tetromino_l2
D:2:      lemuel_doored_altar, uniq_jessica, uniq_iyjb, uniq_robin
D:3:      evilmike_ruin_ashenzari, kennysheep_boxes

Skill      XL: |  1  2 |
---------------+-------+-----
Unarmed Combat | 4 |  4.0
Fighting       | |  2.6
Armour         | |  1.5
Dodging        | |  1.5

Action                   || total
-------------------------++-------
Melee: Unarmed           ||    29
       Bite              ||    12
       Punch             ||     1
Invok: Berserk           ||     2
Armor: Animal skin       ||     3
Dodge: Dodged            ||    13
